AoeStats
← Trump2028

Black Forest

503943265Analyzed
4v4 RM · 28d ago on Sep 3, 2026· 63m 5s· 8 players
Game mode
Random Map
Map size
Large (8 player)
Population
200
Speed
Normal
Resources
Standard
Victory
Conquest
Starting age
Dark Age
Ending age
Imperial Age
RankedLock teamsTeams togetherTeam positionsShared explorationLock speedFull tech treeHidden civsTurbo modeCheats
Victory
Defeat
🇺🇸 Vietnamese · United States
1039
+14
🇺🇸 Franks · United States
948
+18
🇺🇸 Spanish · United States
928
+18
🇲🇽 Burgundians · Mexico
926
+19
🇲🇽 Hindustanis · Mexico
1008
-18
🇧🇷 Inca · Brazil
1000
-55
🇧🇷 Bengalis · Brazil
991
-17
🇲🇽 Armenians · Mexico
967
-16
Jaime Pereira
7:37 Loom
13:52 Feudal Age
15:42 Wheelbarrow
16:28 Double-Bit Axe
23:06 Castle Age
21:59 Horse Collar
22:14 Stone Mining
22:54 Fletching
23:19 Gold Mining
23:24 Pikeman
25:51 Bodkin Arrow
27:46 Town Watch
34:48 Elite Skirmisher
42:17 Heavy Plow
42:58 Scale Mail Armor
46:00 Padded Archer Armor
47:38 Bow Saw
47:53 Andean Sling
50:13 Hand Cart
52:05 Town Patrol
53:42 Squires
61:23 Leather Archer Armor
biodude
0:40 Loom
14:26 Feudal Age
17:11 Wheelbarrow
16:22 Double-Bit Axe
16:30 Horse Collar
19:29 Stone Mining
22:25 Castle Age
24:55 Bow Saw
25:07 Gold Mining
27:32 Gold Shaft Mining
27:14 Fletching
30:12 Bodkin Arrow
30:38 Padded Archer Armor
33:56 Hand Cart
40:47 Imperial Age
38:39 Forging
37:51 Pikeman
39:37 Heavy Plow
39:44 Scale Mail Armor
39:51 Squires
43:16 Conscription
44:53 Halberdier
47:14 Leather Archer Armor
48:43 Iron Casting
50:51 Chain Mail Armor
56:59 Ring Archer Armor
BearKing89
5:48 Loom
12:27 Feudal Age
17:32 Castle Age
16:47 Double-Bit Axe
17:31 Horse Collar
23:19 Heavy Plow
24:44 Bow Saw
28:01 Wheelbarrow
32:10 Imperial Age
29:59 Hand Cart
30:22 Bloodlines
30:12 Husbandry
31:53 Forging
31:49 Scale Barding Armor
32:17 Gold Mining
33:41 Chain Barding Armor
33:57 Iron Casting
34:44 Chemistry
34:06 Ballistics
33:39 Heavy Camel Rider
34:59 Plate Barding Armor
36:53 Blast Furnace
36:56 Imperial Camel Rider
40:45 Light Cavalry
43:49 Padded Archer Armor
44:59 Two-Man Saw
46:14 Thumb Ring
46:34 Caravan
48:27 Conscription
48:43 Hoardings
48:09 Shatagni
48:11 Grand Trunk Road
54:46 Hussar
59:49 Leather Archer Armor
pedrocastanhal22
0:30 Loom
17:05 Feudal Age
20:52 Town Watch
21:11 Horse Collar
21:19 Double-Bit Axe
23:40 Fletching
23:51 Padded Archer Armor
25:17 Wheelbarrow
25:48 Gold Mining
31:17 Castle Age
29:29 Scale Barding Armor
30:23 Stone Mining
32:56 Gold Shaft Mining
32:54 Leather Archer Armor
33:22 Elite Skirmisher
35:36 Fortified Wall
35:07 Pikeman
36:27 Scale Mail Armor
36:40 Forging
40:00 Bodkin Arrow
40:53 Bow Saw
40:45 Heavy Plow
41:36 Iron Casting
43:40 Chain Mail Armor
44:21 Ballistics
44:07 Squires
45:16 Chain Barding Armor
44:23 Man-at-Arms
45:15 Caravan
46:40 Hand Cart
46:54 Murder Holes
50:28 Imperial Age
51:49 Elite Elephant Archer
52:58 Halberdier
56:22 Ring Archer Armor
Hav1k
0:34 Loom
15:44 Feudal Age
17:56 Wheelbarrow
20:14 Wheelbarrow
24:34 Castle Age
22:27 Double-Bit Axe
23:09 Stone Mining
23:52 Gold Mining
26:47 Wheelbarrow
27:10 Bow Saw
28:43 Gold Shaft Mining
33:35 Hand Cart
34:54 Forging
40:05 Imperial Age
38:08 Scale Barding Armor
38:07 Husbandry
39:17 Chain Barding Armor
39:33 Iron Casting
38:37 Pikeman
40:15 Town Watch
40:11 Elite Throwing Axeman
40:55 Chivalry
40:22 Cavalier
40:36 Halberdier
41:19 Scale Mail Armor
42:19 Blast Furnace
41:55 Plate Barding Armor
41:28 Town Patrol
42:29 Chain Mail Armor
41:38 Light Cavalry
41:52 Paladin
44:29 Plate Mail Armor
45:01 Blast Furnace
44:36 Plate Barding Armor
48:09 Chemistry
47:30 Ballistics
46:56 Arrowslits
47:24 Fortified Wall
48:33 Coinage
48:04 Caravan
48:47 Squires
49:00 Light Cavalry
Trump2028
0:36 Loom
13:31 Feudal Age
13:35 Man-at-Arms
14:25 Fishing Lines
16:23 Forging
16:14 Scale Mail Armor
16:33 Horse Collar
18:48 Double-Bit Axe
25:31 Castle Age
26:08 Wheelbarrow
27:24 Gillnets
27:58 Hand Cart
30:47 Imperial Age
28:54 Bow Saw
29:15 Padded Archer Armor
29:58 Fervor
31:00 Leather Archer Armor
31:21 Heavy Plow
32:41 Ring Archer Armor
32:01 Fletching
32:04 Long Swordsman
32:46 Squires
32:32 Gambesons
33:29 Conscription
32:54 Two-Handed Swordsman
34:58 Two-Man Saw
34:40 Chain Mail Armor
35:00 Iron Casting
34:39 Stone Mining
35:12 Pikeman
37:54 Blast Furnace
37:25 Plate Mail Armor
38:07 Bodkin Arrow
39:04 Town Watch
39:44 Halberdier
41:39 Bracer
42:57 Chemistry
42:17 Ballistics
43:53 Hoardings
45:05 Bombard Tower
44:42 Murder Holes
48:24 Masonry
54:32 Elite Conquistador
62:05 Caravan
64:12 Architecture
danny dillinger
0:46 Loom
12:30 Feudal Age
12:48 Double-Bit Axe
14:12 Bow Saw
14:47 Arson
23:45 Castle Age
21:54 Horse Collar
23:05 Fishing Lines
23:47 Heavy Plow
23:19 Man-at-Arms
32:53 Caravan
33:31 Forging
33:27 Scale Barding Armor
33:13 Fletching
33:31 Cavalier
39:42 Gillnets
42:34 Imperial Age
39:48 Pikeman
42:05 Scale Mail Armor
42:41 Iron Casting
42:02 Bodkin Arrow
42:29 Chain Barding Armor
43:44 Conscription
43:11 Halberdier
44:31 Squires
43:51 Long Swordsman
44:59 Chain Mail Armor
45:45 Blast Furnace
44:47 Padded Archer Armor
45:28 Bracer
48:24 Plate Mail Armor
48:35 Crop Rotation
49:08 Chemistry
48:29 Ballistics
48:09 Two-Handed Swordsman
52:06 Two-Man Saw
52:30 Murder Holes
52:46 Fortified Wall
52:49 Burgundian Vineyards
52:05 Elite Coustillier
60:41 Block Printing
60:47 Sanctity
xunil
0:28 Loom
14:50 Feudal Age
18:34 Castle Age
16:52 Horse Collar
18:20 Double-Bit Axe
22:44 Fletching
27:08 Bodkin Arrow
29:12 Bow Saw
38:05 Imperial Age
36:11 Wheelbarrow
35:40 Stone Mining
36:53 Hand Cart
41:07 Chemistry
41:22 Ballistics
44:54 Bracer
50:20 Gold Mining
50:33 Padded Archer Armor
51:52 Thumb Ring
58:10 Elite Rattan Archer
63:01 Two-Man Saw
Connection lost

Rejoining the realm…

Still unreachable

The connection could not be restored.

Session expired

The server has moved on; the page needs a fresh start.